 Dungeon Crawl Stone Soup version 0.27-a0-1147-gb3d8e82157 (webtiles) character file.

Game seed: 16927574149635029021

4634 Ijustatesigmund the Cleaver (level 10, -8/73 HPs)
             Began as an Octopode Fighter on May 11, 2021.
             Was an Initiate of Cheibriados.
             Mangled by a cyclops (12 damage)
             ... on level 8 of the Dungeon.
             The game lasted 00:19:49 (8155 turns).

Ijustatesigmund the Cleaver (Octopode Fighter)      Turns: 8155, Time: 00:19:50

Health: -8/73      AC:  3    Str: 16    XL:     10   Next: 43%
Magic:  10/10      EV: 14    Int: 14    God:    Cheibriados [......]
Gold:   397        SH: 11    Dex: 14    Spells: 9/9 levels left

rFire    . . .     SeeInvis .   a - +0 war axe
rCold    . . .     Faith    .   b - +1 kite shield
rNeg     . . .     Spirit   .   e - +2 hat {Will+}
rPois    .         Reflect  .   j - amulet of regeneration
rElec    .         Harm     .   (no ring)
rCorr    .         Rampage  .   (no ring)
Will     +....                  (no ring)
Stlth    ++++......             (no ring)
HPRegen  1.22/turn              (no ring)
MPRegen  0.12/turn              (no ring)
                                (no ring)
                                (no ring)

@: very slow
A: almost no armour, amphibious, 8 rings, camouflage 1, gelatinous body 1,
(nimble swimmer 1), tentacles
a: Renounce Religion, Bend Time


You were on level 8 of the Dungeon.
You worshipped Cheibriados.
Cheibriados was noncommittal.
You visited 2 branches of the dungeon, and saw 9 of its levels.
You also visited: Sewer.

You collected 397 gold pieces.

Inventory:

Hand Weapons
 a - a +0 war axe (weapon)
 p - a +1 flail of protection
Missiles
 m - 17 poisoned darts (quivered)
 o - a curare-tipped dart
Armour
 b - a +1 kite shield (worn)
 e - a +2 hat of willpower (worn)
Jewellery
 c - a ring of ice
 j - an amulet of regeneration (around mantle)
 l - an amulet of the acrobat
Wands
 q - a wand of flame (8)
 s - a wand of polymorph (8)
Scrolls
 g - a scroll of amnesia
 h - 2 scrolls of teleportation
 k - 3 scrolls of identify
 r - 2 scrolls of blinking
Potions
 d - 2 potions of curing
 i - 2 potions of ambrosia
 n - 2 potions of flight


   Skills:
 + Level 8.4 Fighting
 + Level 9.1 Axes
 - Level 6.1 Dodging
 - Level 5.2 Stealth
 - Level 6.0 Shields
 + Level 1.1 Invocations
 - Level 3.9 Evocations


You had 9 spell levels left.
You didn't know any spells.
Your spell library contained the following spells:

 Spells                   Type           Power      Damage    Failure   Level
 Beastly Appendage        Tmut           0%         N/A       67%         1
 Corona                   Hex            0%         N/A       67%         1
 Magic Dart               Conj           0%         1d3       67%         1
 Blink                    Tloc           N/A        N/A       80%         2
 Call Imp                 Summ           0%         N/A       80%         2
 Ensorcelled Hibernation  Hex/Ice        0%         N/A       80%         2
 Slow                     Hex            0%         N/A       80%         2
 Wereblood                Tmut           0%         N/A       80%         2
 Confusing Touch          Hex            0%         N/A       95%         3
 Conjure Flame            Conj/Fire      0%         6-21      95%         3
 Dazzling Flash           Conj/Hex       0%         N/A       95%         3
 Mephitic Cloud           Conj/Pois/Air  0%         N/A       95%         3
 Spider Form              Tmut/Pois      0%         N/A       95%         3
 Tukima's Dance           Hex            0%         N/A       95%         3
 Ice Form                 Ice/Tmut       0%         N/A       100%        4
 Hydra Form               Tmut           0%         N/A       100%        5


Dungeon Overview and Level Annotations

Branches:
Dungeon (8/15)             Temple (1/1) D:6           Sewer (visited)
   Lair: D:8-11

Altars:
Ashenzari
Cheibriados
Dithmenos
Elyvilon
Gozag
Hepliaklqana
Makhleb
Nemelex Xobeh
Okawaru
Ru
Sif Muna
Trog
Uskayaw
Vehumet
Xom
Yredelemnul
The Shining One

Shops:
D:1 (   D:4 *

Annotations:
D:3 3 runed translucent doors, lupus83's ghost, weakling OpWz


Innate Abilities, Weirdness & Mutations

You cannot wear most types of armour.
You are amphibious.
You can wear up to eight rings at the same time.
Your skin changes colour to match your surroundings (Stealth+).
Your rubbery body absorbs attacks. (AC +1, EV +1)
((You are camouflaged near water. (Stealth+)))
You have tentacles for arms and can constrict up to eight enemies at once.


Message History

Things that are here:
a +0 dagger; 5 stones; a kobold corpse You slash the cyclops!
You squeeze the cyclops.
The cyclops is moderately wounded.
You barely miss the kobold. The kobold hits you with a +0 whip.
You block the cyclops's attack. The kobold misses you.
You slash the cyclops!
The cyclops is heavily wounded.
You hit the kobold. The cyclops hits you!! You block the kobold's attack.
You hit the cyclops.
The cyclops is heavily wounded.
You closely miss the kobold. The kobold hits you with a +0 whip.
The cyclops hits you!!
* * * LOW HITPOINT WARNING * * *
Your shield prevents you from hitting the cyclops.
You squeeze the cyclops, but do no damage.
The cyclops is heavily wounded.
You hit the kobold.
You kill the kobold!
Cheibriados appreciates the change of pace.
The cyclops barely misses you.
You hit the cyclops but do no damage. You squeeze the cyclops.
The cyclops is heavily wounded.
The cyclops barely misses you.
You feel better.
You slash the cyclops!
The cyclops is severely wounded.
The cyclops hits you!!
* * * LOW HITPOINT WARNING * * *
Unknown command.
You hit the cyclops.
The cyclops is severely wounded.
You block the cyclops's attack.
Aiming: Throw Flame
Press: ? - help, Shift-Dir - straight line, f - cyclops
Aim: a cyclops, quivering large rocks (severely wounded, 98% to hit)
The puff of flame hits the cyclops!
The cyclops is almost dead.
The cyclops hits you!
You die...

.## ... ....... ## # #.#
#..... ... #.#.#.#
#....##.#
###.#.#.#####.......###
...........##..........
###.#.#.##.##....#$....
#.#.#.##.##.)........
#.#.#)##.##..@C......
#.#.#.##......)......
####.#.#)...###.....[...
...................$....
........................
########.....####......?
##...## ####### #####


You could see a cyclops.

Vanquished Creatures
  Pikel (D:6)
  An ugly thing (D:7)
  Joseph (D:7)
  Maggie (D:7)
  Prince Ribbit (D:6)
  Edmund (D:6)
  An acid dragon (D:7)
  An orc warrior (D:7)
  A black bear (D:7)
  A necrophage (D:4)
  2 ice beasts (D:5)
  2 sky beasts
  3 ogres
  2 centaurs
  2 lemures (D:6)
  A phantom (D:5)
  5 kobold brigands
  A bullfrog (D:7)
  2 scorpions
  2 wyvern skeletons
  3 killer bees (D:7)
  A bullfrog zombie (D:6)
  2 howler monkeys
  A jelly (D:4)
  3 hounds
  2 orc priests
  A centaur skeleton (D:6)
  Crazy Yiuf (D:7)
  A bullfrog skeleton (D:5)
  Jessica (D:3)
  3 orc wizards
  4 iguanas
  A hound zombie (D:3)
  A hound skeleton (D:5)
  A howler monkey zombie (D:7)
  4 gnolls
  2 river rats (Sewer)
  9 adders
  2 white imps
  2 ufetubi
  An adder zombie (D:3)
  2 worms
  2 dart slugs (D:5)
  23 orcs
  7 bats
  7 endoplasms
  3 giant cockroaches
  8 goblins
  4 hobgoblins
  15 jackals
  8 ball pythons
  A frilled lizard (D:3)
  24 kobolds
  5 rats
187 creatures vanquished.

Notes
Turn   | Place    | Note
-------+----------+-------------------------------------------
     0 | D:1      | Ijustatesigmund the Octopode Fighter began the quest for
                  | the Orb.
     0 | D:1      | Reached XP level 1. HP: 16/16 MP: 1/1
   413 | D:1      | Found Usughoc's Antique Weapon Shoppe.
   419 | D:1      | Reached XP level 2. HP: 13/21 MP: 2/2
   682 | D:1      | Found a faded altar of an unknown god.
   797 | D:1      | Reached skill level 3 in Axes
   799 | D:1      | Reached XP level 3. HP: 13/26 MP: 3/3
  2240 | D:2      | Reached XP level 4. HP: 33/33 MP: 4/4
  2390 | D:2      | Identified a scroll of acquirement
  2390 | D:2      | Acquired a +2 hat of willpower
  2885 | D:3      | Noticed Jessica
  2894 | D:3      | Reached skill level 4 in Axes
  3364 | D:3      | Reached XP level 5. HP: 37/37 MP: 5/5
  3385 | D:3      | Found a runed translucent gate.
  3385 | D:3      | Found a runed translucent gate.
  3385 | D:3      | Found a runed translucent gate.
  3385 | D:3      | Noticed lupus83's ghost (weakling OpWz)
  3387 | D:3      | Found a basalt altar of Yredelemnul.
  3567 | D:3      | Killed Jessica
  3839 | D:3      | Found a broken altar of Ashenzari.
  4063 | D:4      | Reached skill level 5 in Axes
  4063 | D:4      | Reached XP level 6. HP: 33/44 MP: 6/6
  4166 | D:5      | Entered Level 5 of the Dungeon
  4166 | D:5      | Noticed an ice beast
  4182 | D:5      | Killed an ice beast
  4372 | D:4      | Found a shadowy altar of Dithmenos.
  4583 | D:4      | Reached skill level 6 in Axes
  4629 | D:4      | Noticed a necrophage
  4646 | D:4      | Reached skill level 5 in Fighting
  4661 | D:4      | Reached XP level 7. HP: 49/50 MP: 7/7
  4770 | D:4      | Found Jaesin Wato's Lightly-Used Armoury.
  5057 | D:4      | Reached XP level 8. HP: 6/56 MP: 8/8
  5500 | D:6      | Found a staircase to the Ecumenical Temple.
  5511 | D:6      | Noticed Prince Ribbit
  5535 | D:6      | Killed Prince Ribbit
  5536 | D:6      | Reached skill level 7 in Axes
  5561 | D:6      | Found a glowing drain.
  5574 | Sewer    | Entered a sewer
  5657 | Sewer    | Reached skill level 5 in Dodging
  5685 | Sewer    | Found a white marble altar of Elyvilon.
  6109 | Temple   | Entered the Ecumenical Temple
  6465 | D:6      | Reached skill level 5 in Shields
  6482 | D:6      | Noticed Edmund
  6497 | D:6      | Killed Edmund
  6498 | D:6      | Reached XP level 9. HP: 28/63 MP: 9/9
  6798 | D:6      | Noticed Pikel
  6821 | D:6      | Killed Pikel
  7020 | D:7      | Reached skill level 8 in Axes
  7148 | D:7      | Reached skill level 1 in Stealth
  7188 | D:7      | Noticed Maggie
  7199 | D:7      | Killed Maggie
  7200 | D:7      | Reached skill level 1 in Evocations
  7239 | D:7      | Found a snail-covered altar of Cheibriados.
  7287 | D:7      | Noticed Joseph
  7289 | D:7      | Noticed a cyan ugly thing
  7325 | D:7      | Found a runed translucent door.
  7326 | D:7      | Noticed Crazy Yiuf
  7334 | D:7      | Killed Crazy Yiuf
  7400 | D:7      | Killed a cyan ugly thing
  7401 | D:7      | Reached XP level 10. HP: 21/72 MP: 10/10
  7591 | D:7      | Killed Joseph
  7627 | D:7      | Reached skill level 5 in Stealth
  7765 | D:7      | Found a radiant altar of Vehumet.
  7765 | D:7      | Found a shimmering altar of Xom.
  7766 | D:7      | Found a sacrificial altar of Ru.
  7871 | D:7      | Found a glowing golden altar of the Shining One.
  7913 | D:7      | Reached skill level 9 in Axes
  8036 | D:7      | Became a worshipper of Cheibriados the Contemplative
  8140 | D:8      | Noticed a cyclops
  8146 | D:8      | Reached skill level 1 in Invocations
  8153 | D:8      | HP: 1/73 [cyclops (27)]
  8155 | D:8      | Mangled by a cyclops

Illustrated notes

Levels and vault maps discovered:
D:1:      mrwooster_arrival_statue, layout_loops_corners,
          ebering_ecumenical_altar_abandoned, serial_shops, shop
D:2:      layout_basic, minmay_misc_feat_rugged, minmay_misc_feat_ornament,
          skrybe_limestone_x, nrook_mini_vaults
D:3:      layout_basic, nicolae_yredelemnul_ghost_church,
          ashenzari_conservatory_becter, uniq_jessica
D:4:      layout_rooms, nicolae_dithmenos_shadow_blocks, minmay_shop_damaged,
          minmay_fractal_squares_5
D:5:      layout_rooms
D:6:      layout_rooms, minmay_temple_entry_tees, portal_sewer_entry_d,
          uniq_pikel, uniq_prince_ribbit1, uniq_edmund
D:7:      minmay_chambers_of_sixes, layout_rooms, cheibrodos_worm_habitat,
          nicolae_tso_swordbearing_angel, gammafunk_temple_overflow_claw,
          enter_bailey_2, hangedman_abyss_or_decor_stabs, uniq_joseph,
          uniq_crazy_yiuf_cottage, uniq_maggie
D:8:      layout_loops_ring
Temple:   compressed_dpeg_triangle_lava_temple

Skill      XL: |  1  2  3  4  5  6  7  8  9 10 |
---------------+-------------------------------+-----
Axes           | 3 4 5 6 7 8 9 |  9.1
Fighting       | 4 5 6 7 8 |  8.4
Dodging        | 5 6 |  6.1
Shields        | 5 6 |  6.0
Stealth        | 4 5 |  5.2
Evocations     | 3 |  3.9
Invocations    | 1 |  1.1

Action                   |  1- 3 |  4- 6 |  7- 9 | 10-12 || total
-------------------------+-------+-------+-------+-------++-------
Melee: War axe           |    61 |   102 |   209 |    66 ||   438
       Constrict         |    14 |    27 |    49 |     7 ||    97
       Tentacles         |    12 |    16 |    54 |    18 ||   100
Throw: Dart              |       |       |    16 |     2 ||    18
Evoke: Wand              |       |       |     9 |     1 ||    10
  Use: Scroll            |       |    11 |     5 |       ||    16
       Potion            |       |     6 |     4 |     2 ||    12
 Stab: Sleeping          |     3 |     6 |     8 |     1 ||    18
       Distracted        |       |       |       |     1 ||     1
Armor: Skin              |     3 |    24 |    31 |     3 ||    61
Dodge: Dodged            |    33 |    57 |    79 |    36 ||   205
Block: Kite shield       |    32 |    68 |   109 |    30 ||   239

Table legend: (Time is in decaauts)
 A = Elapsed time spent in this place.
 B = Non-inter-level travel time spent in this place.
 C = Inter-level travel time spent in this place.
 D = Time resting spent in this place.
 E = Time spent auto-exploring this place.
 F = Levels seen in this place.
 G = Mean time per level.
                   A        B        C        D        E       F      G
               +--------+--------+--------+--------+--------+-----+--------+
         Total |   8363 |   8076 |    287 |   2169 |   4212 |  10 |  836.3 |
       Dungeon |   7561 |   7284 |    277 |   1848 |   3834 |   8 |  945.1 |
        Temple |    307 |    297 |     10 |      0 |    297 |   1 |  307.0 |
         Sewer |    493 |    493 |      0 |    321 |     81 |   1 |  493.0 |
               +--------+--------+--------+--------+--------+-----+--------+

Top non-repeatable levels by time:
     D:1: 1957 daAuts
     D:2: 1368 daAuts
     D:4: 1055 daAuts
     D:7: 1036 daAuts
     D:3: 799 daAuts
     D:6: 661 daAuts
     D:5: 587 daAuts
   Sewer: 493 daAuts
  Temple: 307 daAuts
     D:8: 97 daAuts
